 Dungeon Crawl Stone Soup version 0.32-a0-705-g60f233581c (webtiles) character file.

Game seed: 7952651245794919975

25 croobank the Chiller (level 2, -1/20 HPs)
             Began as a Demigod Ice Elementalist on Mar 14, 2024.
             Slain by an adder (3 damage)
             ... on level 2 of the Dungeon.
             The game lasted 00:03:22 (1421 turns).

croobank the Chiller (Demigod Ice Elementalist)     Turns: 1421, Time: 00:03:23

Health: -1/20      AC:  5    Str:  9    XL:     2   Next: 63%
Magic:  3/7        EV: 11    Int: 17    God:
Gold:   109        SH:  0    Dex: 14    Spells: 4/5 levels left

rFire   . . .        f - +0 dagger
rCold   . . .        (no shield)
rNeg    . . .        a - +0 robe
rPois   .            (no helmet)
rElec   .            (no cloak)
rCorr   .            e - +1 pair of gloves
SInv    .            h - +0 pair of boots
Will    .....        (no amulet)
Stlth   ++           (no ring)
HPRegen 0.23/turn    (no ring)
MPRegen 0.10/turn

%: no passive effects
@: no status effects
A: high MP 1, forlorn, divine attributes
a: no special abilities


You were on level 2 of the Dungeon.
You visited 1 branch of the dungeon, and saw 2 of its levels.

You collected 109 gold pieces.

Inventory:

Hand Weapons
 f - a +0 dagger (weapon)
Armour
 a - a +0 robe (worn)
 e - a +1 pair of gloves (worn)
 h - a +0 pair of boots (worn)
Talismans
 c - a flux talisman
Scrolls
 d - a scroll of fog
Potions
 b - a potion of magic


   Skills:
 + Level 2.1 Dodging
 + Level 2.2 Stealth
 + Level 2.1 Spellcasting
 + Level 3.8 Ice Magic


You had 4 spell levels left.
You knew the following spells:

 Your Spells              Type           Power      Damage    Failure   Level
a - Freeze                Ice            56%        1d7       4%          1

Your spell library contained the following spells:

 Spells                   Type           Power      Damage    Failure   Level
 Frozen Ramparts          Ice            28%        1d5       12%         3
 Ozocubu's Armour         Ice            14%        N/A       12%         3
 Summon Ice Beast         Ice/Summ       8%         N/A       26%         3
 Metabolic Englaciation   Hex/Ice        4%         N/A       94%         5


Dungeon Overview and Level Annotations

Branches:
Dungeon (2/15)


Innate Abilities, Weirdness & Mutations

You have an increased reservoir of magic. (+10% MP)
You shall have no god before yourself.
Your divine heritage dramatically boosts your attributes as you level up.


Message History

Confirm with . or Enter, or press ? or * to list all spells.
Aiming: Freeze (safe; 4% risk of failure)
Press: ? - help, Shift-Dir - straight line, f - adder
Aim: an adder (grey smoke)
You freeze the adder.
The adder is lightly wounded.
The adder seems to slow down.
You feel sick. The adder bites you but does no damage. The adder misses you.
The adder bites you but does no damage. The adder barely misses you.
Casting: Freeze (safe; 4% risk of failure)
Confirm with . or Enter, or press ? or * to list all spells.
Aiming: Freeze (safe; 4% risk of failure)
Press: ? - help, Shift-Dir - straight line, f - adder, p - adder
Aim: an adder You freeze the adder.
The adder is heavily wounded.
You feel sick.
You are no longer poisoned.
The adder bites you but does no damage. The adder bites you.
* * * LOW HITPOINT WARNING * * *
The adder closely misses you. x2
Casting: Freeze (safe; 4% risk of failure)
Confirm with . or Enter, or press ? or * to list all spells.
Aiming: Freeze (safe; 4% risk of failure)
Press: ? - help, Shift-Dir - straight line, f/p - adder
Aim: an adder (grey smoke, heavily wounded)
You freeze the adder.
The adder is heavily wounded.
The adder barely misses you. The adder bites you but does no damage.
The adder closely misses you.
Casting: Freeze (safe; 4% risk of failure)
Confirm with . or Enter, or press ? or * to list all spells.
Aiming: Freeze (safe; 4% risk of failure)
Press: ? - help, Shift-Dir - straight line, f/p - adder
Aim: an adder (heavily wounded)
You freeze the adder.
The adder is severely wounded.
The adder barely misses you. x2; The adder closely misses you.
The adder attacks as it pursues you! The adder bites you.
You die...

#.....# ####.###.#
#######....#<#.#
#....#####.#.#.#
#.##.........#.# #
#.##..#....#...# #.
#.##..#.####.#..
#.#######.#####.# #.#..
...##§§§b§S@...#....####.###
.....b§§gSS§................
...#$§K#########.###########
#...§§ #..............
#.#g## #.#.########### .. ##
.###.#............ .
........######..##
.###.....# ##..# ####..#
#...#


You could see 3 adders.

Vanquished Creatures
  4 giant cockroaches
  A hobgoblin (D:1)
  3 jackals (D:1)
  A quokka (D:1)
  6 ball pythons
  4 bats (D:1)
  A frilled lizard (D:1)
  2 kobolds
  A rat (D:2)
23 creatures vanquished.

Notes
Turn   | Place    | Note
-------+----------+-------------------------------------------
     0 | D:1      | croobank the Demigod Ice Elementalist began the quest for
                  | the Orb.
     0 | D:1      | Reached XP level 1. HP: 14/14 MP: 5/5
   464 | D:1      | Reached XP level 2. HP: 18/20 MP: 4/7
  1421 | D:2      | Slain by an adder

Illustrated notes

Levels and vault maps discovered:
D:1:      amcnicky_arrival_flooded_fountain, layout_loops_ring,
          roderic_cross_of_infinity, bh_walls_and_bars
D:2:      layout_basic, minmay_tromino_v7

Skill      XL: |  1 |
---------------+----+-----
Dodging        | 2 |  2.1
Stealth        | 2 |  2.2
Spellcasting   | 2 |  2.1
Ice Magic      | |  3.8

Action                     || total
---------------------------++-------
  Melee: Dagger            ||    27
         Unarmed           ||     1
   Cast: Freeze            ||    32
    Use: Scroll            ||     2
   Stab: Sleeping          ||     1
 Armour: Robe              ||    46
  Dodge: Dodged            ||    58

Table legend: (Time is in decaauts)
 A = Elapsed time spent in this place.
 B = Non-inter-level travel time spent in this place.
 C = Inter-level travel time spent in this place.
 D = Time resting spent in this place.
 E = Time spent auto-exploring this place.
 F = Levels seen in this place.
 G = Mean time per level.
                   A        B        C        D        E       F      G
               +--------+--------+--------+--------+--------+-----+--------+
         Total |   1420 |   1337 |     83 |    250 |    868 |   2 |  710.0 |
       Dungeon |   1420 |   1337 |     83 |    250 |    868 |   2 |  710.0 |
               +--------+--------+--------+--------+--------+-----+--------+

Top non-repeatable levels by time:
     D:1: 1175 daAuts
     D:2: 244 daAuts
